 Dungeon Crawl Stone Soup version 0.19-a0-1704-gbd66c22 (webtiles) character file.

333680 dvd the Swashbuckler (level 21, -3/180 HPs)
             Began as a Ghoul Ice Elementalist on Sept 27, 2016.
             Was the Champion of Ashenzari.
             Splashed by a tengu reaver's acid (8 damage)
             ... led by Sojobo
             ... on level 2 of the Vaults.
             The game lasted 05:59:34 (57356 turns).

dvd the Swashbuckler (Ghoul Ice Elementalist)      Turns: 57356, Time: 05:59:34

Health: -3/180     AC:  9    Str: 15    XL:     21   Next: 82%
Magic:  27/36      EV: 23    Int: 16    God:    Ashenzari [******]
Gold:   822        SH: 17    Dex: 10    Spells: 12 memorised, 4 levels left

rFire  + . .     SeeInvis +     H - +9 rapier (protect) (curse)
rCold  + . .     Gourm    .     W - +0 leather armour of New Discoveries {rElec rF+ MR+} (curse)
rNeg   + + +     Faith    .     l - +5 shield {reflect} (curse)
rPois  ∞         Spirit   .     p - +2 helmet (curse)
rElec  +         Dismiss  .     j - +2 cloak (curse)
rCorr  .         Reflect  +     F - +2 pair of gloves (curse)
MR     +++..     Harm     .     b - +2 pair of boots {run} (curse)
Stlth  ++++++.... Clarity  +    x - amulet of magic regeneration (curse)
                                w - ring "Dypocimo" {MR+ Slay+4} (curse)
                                u - +4 ring of evasion (curse)

@: corroded, very slightly contaminated, rotting, studying Evocations, repel
missiles, quick
A: rotting body, claws 1, carnivore 3, cold resistance 1, negative energy
resistance 3, slow regeneration 1, torment resistance, unbreathing
a: Curse Item, Scrying, Transfer Knowledge, Renounce Religion
}: 2/15 runes: decaying, serpentine


You were on level 2 of the Vaults.
You worshipped Ashenzari.
Ashenzari was exalted by your worship.
You were not hungry.

You visited 8 branches of the dungeon, and saw 37 of its levels.
You also visited: Ice Cave.

You collected 4711 gold pieces.
You spent 3889 gold pieces at shops.

Inventory:

Hand Weapons
 H - a cursed +9 rapier of protection (weapon)
 Q - the +6 morningstar of the Spinneret {speed, rElec rPois rC+ Str+4 Stlth-}
   (You found it on level 3 of the Elven Halls)

   Attacks with this weapon are significantly faster.
   It affects your strength (+4).
   It protects you from cold.
   It insulates you from electricity.
   It protects you from poison.
   It makes you less stealthy.
 T - a +3 scimitar of electrocution
 Y - a +6 long sword of freezing
Armour
 b - a cursed +2 pair of boots of running (worn)
 j - a cursed +2 cloak (worn)
 l - a cursed +5 shield of reflection (worn)
 p - a cursed +2 helmet (worn)
 C - a +1 cloak of magic resistance
 F - a cursed +2 pair of gloves (worn)
 O - a +2 pair of gloves of strength
 W - the cursed +0 leather armour of New Discoveries (worn) {rElec rF+ MR+}
   (You found it on level 3 of the Elven Halls)

   It protects you from fire.
   It insulates you from electricity.
   It affects your resistance to hostile enchantments.
   It has a curse placed upon it.
Jewellery
 n - the amulet "Xuruc" {Harm *Drain rF+}
   (You found it on level 2 of the Snake Pit)

   [amulet of harm]

   It increases damage dealt and taken.
   It protects you from fire.
   It causes draining when unequipped.
 u - a cursed +4 ring of evasion (left hand)
 w - the cursed ring "Dypocimo" (right hand) {MR+ Slay+4}
   (You found it on level 9 of the Dungeon)

   [ring of slaying]

   It affects your accuracy and damage with ranged weapons and melee attacks
   (+4).
   It affects your resistance to hostile enchantments.
   It has a curse placed upon it.
 x - a cursed amulet of magic regeneration (around neck)
 E - an uncursed ring of resist corrosion
 U - the ring of Qotadwue {+Fly rPois Int+4 Slay+2}
   (You found it on level 15 of the Dungeon)

   [ring of poison resistance]

   It affects your intelligence (+4).
   It affects your accuracy and damage with ranged weapons and melee attacks
   (+2).
   It protects you from poison.
   It lets you fly.
Wands
 a - a wand of heal wounds (6/9)
 m - a wand of lightning (3/15)
 q - a wand of iceblast (11/15)
 r - a wand of lightning (8/15)
 t - a wand of acid (11/15)
 z - a wand of lightning (5/15)
 L - a wand of digging (10/24)
 P - a wand of iceblast (7/15)
 S - a wand of teleportation (5/9)
 X - a wand of lightning (6/15)
Scrolls
 e - 7 scrolls of amnesia
 f - 10 scrolls of identify
 v - a scroll of magic mapping
 y - a scroll of torment
 G - 5 scrolls of fog
 K - a scroll of enchant weapon
 M - 4 scrolls of recharging
 N - 2 scrolls of remove curse
 R - a scroll of blinking
Potions
 d - a potion of haste
 g - 3 potions of brilliance
 i - 5 potions of flight
 A - 2 potions of might
 D - a potion of ambrosia
 J - a potion of agility
 V - 11 potions of curing
Books
 B - a manual of Evocations
Comestibles
 c - 32 chunks of flesh
 h - 12 royal jellies
 o - 10 beef jerkies
 s - 13 meat rations


   Skills:
 + Level 13.7 Fighting
 + Level 15.0(19.0) Short Blades
 + Level 6.0 Armour
 + Level 12.1(16.3) Dodging
 + Level 13.0(17.1) Stealth
 * Level 10.4(13.2) Shields
 + Level 12.9 Spellcasting
 + Level 7.3(11.8) Conjurations
 + Level 4.8(9.2) Hexes
 + Level 9.1(13.4) Charms
 + Level 6.1(10.6) Summonings
 + Level 2.0(5.3) Necromancy
 + Level 3.6(7.7) Translocations
 + Level 13.5(17.6) Ice Magic
 * Level 3.7(7.8) Air Magic
 + Level 2.3(5.8) Evocations


You had 4 spell levels left.
You knew the following spells:

 Your Spells              Type           Power        Failure   Level  Hunger
a - Regeneration          Chrm/Necr      #####.....   1%          3    None
b - Cause Fear            Hex            #####.....   2%          4    ##.....
c - Ozocubu's Armour      Chrm/Ice       ######..     1%          3    None
d - Throw Icicle          Conj/Ice       ######..     1%          4    ##.....
e - Summon Ice Beast      Ice/Summ       ######..     1%          4    ##.....
f - Dazzling Spray        Conj/Hex       #####.       1%          3    None
g - Blink                 Tloc           N/A          1%          2    None
h - Repel Missiles        Chrm/Air       #####.       1%          2    None
i - Shroud of Golubria    Chrm/Tloc      #####.....   1%          2    None
j - Freezing Cloud        Conj/Ice/Air   ######....   12%         6    ######.
k - Aura of Abjuration    Summ           #####.....   4%          5    ####...
l - Tukima's Dance        Hex            #####...     1%          3    None


Dungeon Overview and Level Annotations

Branches:
Dungeon (15/15)            Temple (1/1) D:7            Lair (6/6) D:11
  Swamp (4/4) Lair:2        Snake (4/4) Lair:2        Slime (0/5) Lair:5
    Orc (2/2) D:10            Elf (3/3) Orc:2        Vaults (2/5) D:13
 Depths (0/5) D:15
  Crypt: Vaults:2-3

Altars:
Ashenzari
Cheibriados
Dithmenos
Elyvilon
Fedhas
Gozag
Hepliaklqana
Kikubaaqudgha
Makhleb
Nemelex Xobeh
Okawaru
Qazlal
Ru
Sif Muna
Trog
Uskayaw
Vehumet
Xom
Yredelemnul
Zin
The Shining One
Beogh

Shops:
D:13 }   D:14 :   D:15 *![   Orc:2 [}!?%

Portals:
Trove: D:10 (give +3 gold dragon armour)


Innate Abilities, Weirdness & Mutations

Your body is rotting away.
You thrive on raw meat.
You are immune to poison.
You have sharp fingernails.
You are carnivorous and can eat meat at any time.
Your flesh is cold resistant. (rC+)
You are immune to negative energy. (rN+++)
You regenerate slowly when monsters are visible.
You are immune to unholy pain and torment.
You can survive without breathing.


Message History

The bolt of acid misses you.
The battlesphere fires!
The barrage of energy hits you!
* * * LOW HITPOINT WARNING * * *
Unknown command.
Evoke which item? (* to show all) (? for menu, Esc to quit)
Zapping:
a - a wand of heal wounds (7/9)
Press: ? - help, Shift-Dir - straight line, f - you You feel much better.
This wand has 6 charges left.
The tengu reaver hits your ice beast but does no damage.
The tengu reaver closely misses your ice beast.
The tengu reaver claws your ice beast.
Unknown command.
As you read the scroll of fog, it crumbles to dust.
The scroll dissolves into smoke.
Unknown command.
The tengu reaver points at you and mumbles some strange words.
The bolt of acid hits you!
* * * LOW HITPOINT WARNING * * *
The acid corrodes you!
You are splashed with acid!
The acid burns!
You die...

####...#### ## #.#...'.# ##.
##'#...#### #..
##########..'###'..# ###
#.......##...#.'...# #))
#.......##...###...# ###
#.......##########'##########..
#.......#§§§#.......#.......##+
#....{{{{§#§#.@...)[#.......#..
#....Q>.#{§§#.#.#)).#...#...##.
#...c.Q?#§#Q§...#:).....#...###
#......Y#.......#.......#...'..
##''###############'#########..
..c. * #..# ,,* #.. .... ,
##..#,, * #.. ###* , ##...**
*#.. , * ,,.....,*###


You could see a tengu reaver.

Vanquished Creatures
  Sojobo (Vaults:2)
  the Lernaean hydra (Swamp:4)
  Vashnia (Snake:2)
  Nikola (Swamp:2)
  3 deep elf blademasters
  2 deep elf master archers (Elf:3)
  Roxanne (D:14)
  Donald (Lair:2)
  7 greater nagas
  5 vault wardens
  A frost giant (IceCv)
  5 deep elf sorcerers (Elf:3)
  9 deep elf elementalists
  3 very ugly things (Vaults:1)
  3 ironheart preservers (Vaults:1)
  7 deep elf demonologists
  8 deep elf annihilators (Elf:3)
  An ettin (Orc:1)
  5 deep elf death magi
  A fire dragon (Vaults:1)
  4 yaktaur captains
  3 deep elf high priests (Elf:3)
  Fannar (Lair:1)
  18 naga warriors
  Josephine (Swamp:1)
  3 rakshasas
  20 hydras
  2 great orbs of eyes (D:15)
  4 catoblepae
  9 vault guards
  A ghost crab (Swamp:4)
  8 anacondas
  6 centaur warriors
  Erica (Orc:1)
  7 ogre magi
  28 dancing weapons
  11 alligators
  2 death knights
  15 death yaks (Lair:6)
  5 tengu warriors
  2 deep troll shamans (D:15)
  A deep troll earth mage (Vaults:1)
  5 shock serpents
  16 naga sharpshooters
  13 deep elf knights
  2 salamander mystics
  5 skeletal warriors
  2 unseen horrors (shapeshifter)
  3 deep trolls (Vaults:1)
  4 unseen horrors
  9 sea snakes (Snake:4)
  2 spriggan druids
  A flayed ghost (D:15)
  16 swamp dragons
  8 deep elf archers
  2 necromancers (Elf:1)
  2 phantasmal warriors (D:13)
  9 hill giants
  3 ironbrand convokers
  4 naga ritualists
  2 wizards
  13 mana vipers
  A shambling mangrove (Swamp:4)
  A wolf spider zombie (D:15)
  5 orc knights
  45 deep elf magi
  2 orc sorcerers
  24 ugly things
  A wolf spider (Vaults:2)
  4 manticores
  8 salamanders
  4 cyclopes
  5 hornets
  Joseph (D:9)
  27 elephants
  An ice statue (IceCv)
  14 naga magi
  38 black mambas
  7 guardian serpents
  5 vault sentinels
  22 spiny frogs
  7 kobold demonologists
  18 yaktaurs
  2 yaktaurs (shapeshifter)
  A freezing wraith (D:13)
  A tengu conjurer (D:14)
  7 komodo dragons
  3 trolls
  4 tyrant leeches
  14 polar bears
  The ghost of ThereIsNoGod the Cleaver, an amateur MiGl (D:4)
  16 two-headed ogres
  11 slime creatures
  14 blink frogs
  A hornet zombie (D:15)
  Grinder (D:4)
  A meliai zombie (D:15)
  6 bog bodies
  15 hippogriffs
  6 spriggans
  3 air elementals
  3 shadows
  4 water elementals
  A vampire (D:15)
  3 wyverns
  4 fire bats (D:9)
  3 fire elementals
  17 vampire mosquitoes
  4 basilisks
  5 large abominations
  42 yaks
  8 wraiths
  The ghost of Shenda the Slasher, an amateur DsGl (D:5)
  Edmund (D:4)
  53 nagas
  3 insubstantial wisps (Swamp:4)
  2 soldier ants (D:15)
  17 swamp worms
  A mottled dragon (D:15)
  A hell hound (D:9)
  2 floating eyes (D:15)
  A soldier ant (shapeshifter) (D:11)
  14 water moccasins
  11 swamp drakes
  9 porcupines
  3 sky beasts
  13 ice beasts
  2 black bears
  30 orc warriors
  10 wasps
  35 ogres
  5 phantoms
  2 eyes of draining
  3 boggarts (D:15)
  26 wolves
  18 centaurs
  16 crocodiles
  9 big kobolds
  22 bullfrogs
  5 earth elementals
  A glowing shapeshifter simulacrum (Vaults:2)
  5 scorpions
  15 wights
  9 killer bees (D:9)
  An orc simulacrum (Vaults:1)
  A howler monkey (D:6)
  2 centaur zombies
  7 crimson imps
  2 lava snakes (D:9)
  2 quasits
  4 hounds
  3 bullfrog zombies
  7 jellies
  24 orc priests
  3 bullfrog skeletons
  A wasp zombie (D:8)
  3 centaur skeletons
  34 orc wizards
  Terence (D:2)
  3 iguanas (Lair:2)
  11 worker ants
  A howler monkey skeleton (D:4)
  A worker ant zombie (D:11)
  62 river rats
  41 adders
  5 shadow imps
  A white imp (Vaults:1)
  7 oozes
  2 adder zombies
  3 adder skeletons
  A dart slug (D:2)
  4 leopard geckos
  109 orcs
  13 bats
  6 giant cockroaches
  7 goblins
  7 hobgoblins
  2 jackals (D:3)
  34 kobolds
  6 quokkas
  3 ball pythons
  A ball python skeleton (D:5)
  8 frilled lizards
  A jackal skeleton (D:8)
  A quokka zombie (D:6)
  11 rats
  A spectral orc (D:3)
  A butterfly (Lair:3)
  3 fire vortices (D:9)
  3 fungi (D:11)
1579 creatures vanquished.

Vanquished Creatures (collateral kills)
  Aizul (Snake:1)
  An ettin (Vaults:2)
  A rakshasa (Vaults:2)
  A vault guard (Vaults:2)
  A hydra (Swamp:4)
  A tengu warrior (D:12)
  A naga sharpshooter (Snake:3)
  A deep elf knight (Elf:2)
  2 swamp dragons (Swamp:4)
  2 hill giants
  A harpy (D:9)
  An orc knight (Vaults:2)
  A mana viper (Snake:1)
  An orc sorcerer (Vaults:1)
  An elephant (Lair:3)
  3 naga magi
  A vault sentinel (Vaults:1)
  A guardian serpent (Snake:1)
  2 black mambas (Snake:2)
  2 slime creatures (Vaults:1)
  2 yaks
  A warg (Orc:1)
  5 nagas
  A water moccasin (D:8)
  A swamp drake (Swamp:4)
  An ice beast (D:8)
  2 wolves (IceCv)
  6 ogres
  A centaur (D:12)
  A crimson imp (D:8)
  An orc priest (D:9)
  An adder (Lair:1)
  An adder zombie (D:9)
  8 orcs
  3 fungi (Swamp:2)
61 creatures vanquished.

Vanquished Creatures (others)
  2 deep elf master archers (Elf:3)
  A deep elf elementalist (Elf:3)
  A hydra (Swamp:2)
  A deep elf knight (Elf:1)
  3 deep elf archers
  A cyclops (Vaults:1)
  3 polar bears (IceCv)
  14 dancing weapons
  2 yaks (IceCv)
  A wolf (IceCv)
  A centaur (D:15)
  12 fungi
  23 plants
65 creatures vanquished.

Grand Total: 1705 creatures vanquished

Notes
Turn   | Place    | Note
-------+----------+-------------------------------------------
     0 | D:1      | dvd the Ghoul Ice Elementalist began the quest for the Orb.
     0 | D:1      | Reached XP level 1. HP: 14/14 MP: 2/2
    95 | D:1      | Reached XP level 2. HP: 18/20 MP: 1/3
   113 | D:1      | Learned a level 2 spell: Throw Frost
   537 | D:1      | Reached XP level 3. HP: 26/26 MP: 2/5
   821 | D:2      | Found a glowing golden altar of the Shining One.
   956 | D:2      | Found a faded altar of an unknown god.
   985 | D:2      | Found a blossoming altar of Fedhas.
   985 | D:2      | Found a deep blue altar of Sif Muna.
   985 | D:2      | Noticed Terence
  1001 | D:2      | Killed Terence
  1001 | D:2      | Reached XP level 4. HP: 20/33 MP: 0/6
  1069 | D:2      | Learned a level 3 spell: Ozocubu's Armour
  1399 | D:2      | Reached skill level 1 in Conjurations
  1691 | D:3      | Reached XP level 5. HP: 27/38 MP: 1/7
  2030 | D:3      | Reached skill level 1 in Armour
  2156 | D:3      | Reached skill level 1 in Short Blades
  2324 | D:3      | Found a basalt altar of Yredelemnul.
  2353 | D:3      | Found a glowing silver altar of Zin.
  2355 | D:3      | Found a burning altar of Makhleb.
  2358 | D:3      | Noticed a cacodemon
  2358 | D:3      | Noticed an angel
  2488 | D:4      | Noticed Grinder
  2508 | D:4      | Paralysed by Grinder for 3 turns
  2518 | D:4      | Paralysed by Grinder for 5 turns
  2536 | D:4      | Paralysed by Grinder for 4 turns
  2542 | D:4      | Killed Grinder
  2542 | D:4      | Reached skill level 1 in Fighting
  2542 | D:4      | Reached XP level 6. HP: 14/47 MP: 2/9
  2662 | D:4      | Noticed Edmund
  2680 | D:4      | Killed Edmund
  2680 | D:4      | Reached skill level 2 in Short Blades
  2680 | D:4      | Reached XP level 7. HP: 49/52 MP: 3/11
  2778 | D:4      | Reached skill level 5 in Ice Magic
  3081 | D:4      | Noticed ThereIsNoGod's ghost (amateur MiGl)
  3555 | D:5      | Entered Level 5 of the Dungeon
  3726 | D:5      | Reached skill level 1 in Charms
  3794 | D:5      | Reached XP level 8. HP: 60/60 MP: 6/12
  3842 | D:5      | Learned a level 4 spell: Throw Icicle
  3966 | D:5      | Found an ancient bone altar of Kikubaaqudgha.
  4074 | D:5      | Reached skill level 3 in Short Blades
  4139 | D:5      | Noticed Shenda's ghost (amateur DsGl)
  4167 | D:5      | Killed Shenda's ghost
  4492 | D:5      | Found a sacrificial altar of Ru.
  4495 | D:5      | Found a radiant altar of Vehumet.
  4496 | D:5      | Found a shattered altar of Ashenzari.
  4512 | D:5      | Became a worshipper of Ashenzari the Shackled
  5064 | D:6      | Reached XP level 9. HP: 35/68 MP: 0/15
  5357 | D:6      | Reached skill level 5 in Spellcasting
  5820 | D:6      | Reached skill level 4 in Short Blades
  6011 | D:7      | Reached * piety under Ashenzari
  6113 | D:7      | Found a radiant altar of Vehumet.
  6158 | D:7      | Found a staircase to the Ecumenical Temple.
  6166 | Temple   | Entered the Ecumenical Temple
  7094 | D:7      | Identified the +5 robe "Quce Uhi" {Str-2 Int+3 Dex+5}
  7265 | D:8      | Learned a level 4 spell: Summon Ice Beast
  7579 | D:8      | Found an iron altar of Okawaru.
  7884 | D:8      | Reached ** piety under Ashenzari
  8582 | D:9      | Reached XP level 10. HP: 59/78 MP: 4/17
  8698 | D:9      | Reached skill level 5 in Short Blades
  8939 | D:9      | Noticed a centaur warrior
  8973 | D:9      | Killed a centaur warrior
  8973 | D:9      | Reached skill level 5 in Dodging
  9017 | D:9      | Learned a level 3 spell: Dazzling Spray
  9100 | D:9      | Noticed Joseph
  9166 | D:9      | Killed Joseph
  9166 | D:9      | Reached skill level 1 in Summonings
  9299 | D:9      | Noticed a hill giant
  9312 | D:9      | Killed a hill giant
  9668 | D:9      | Noticed a centaur warrior
  9732 | D:9      | Killed a centaur warrior
  9732 | D:9      | Reached skill level 6 in Short Blades
  9998 | D:8      | Reached XP level 11. HP: 23/84 MP: 1/19
 10281 | D:9      | Noticed a harpy
 10303 | D:9      | Killed a harpy
 10303 | D:9      | Reached skill level 5 in Fighting
 10550 | D:9      | Identified the ring "Dypocimo" {MR+ Slay+4}
 10900 | D:10     | Entered Level 10 of the Dungeon
 10903 | D:10     | Noticed a hill giant
 10913 | D:10     | Killed a hill giant
 11138 | D:9      | Noticed a hill giant
 11691 | D:10     | Reached skill level 5 in Stealth
 11764 | D:10     | Found a roughly hewn altar of Beogh.
 11784 | D:10     | Found a staircase to the Orcish Mines.
 12129 | D:10     | Found a portal to a secret trove of treasure.
 12129 | D:10     | Noticed a vault guard
 12142 | D:10     | Killed a vault guard
 12142 | D:10     | Reached skill level 7 in Short Blades
 12525 | D:11     | Found a staircase to the Lair.
 12549 | D:11     | Learned a level 2 spell: Blink
 12552 | D:11     | Learned a level 2 spell: Repel Missiles
 12814 | D:11     | Noticed a cyclops
 12838 | D:10     | Noticed a hill giant
 13417 | D:11     | Noticed a hill giant
 13433 | D:11     | Killed a hill giant
 13452 | D:11     | Killed a cyclops
 13766 | Lair:1   | Entered Level 1 of the Lair of Beasts
 13878 | Lair:1   | Found a frozen archway.
 13916 | Lair:1   | Reached XP level 12. HP: 59/95 MP: 8/22
 13921 | Lair:1   | Reached skill level 8 in Short Blades
 13944 | Lair:1   | Noticed a six-headed hydra
 14107 | IceCv    | Entered an ice cave
 14539 | IceCv    | Identified the Catalogue of Supportive Changing
 15162 | IceCv    | Reached skill level 9 in Short Blades
 15378 | IceCv    | Noticed a frost giant
 15723 | IceCv    | Killed a frost giant
 16177 | Lair:1   | Killed a six-headed hydra
 16177 | Lair:1   | Reached XP level 13. HP: 74/105 MP: 2/23
 16497 | Lair:1   | Reached *** piety under Ashenzari
 16692 | Lair:1   | Noticed Fannar
 16742 | Lair:1   | Killed Fannar
 16742 | Lair:1   | Reached skill level 10 in Short Blades
 17213 | Lair:2   | Reached skill level 10 in Ice Magic
 17292 | Lair:2   | Reached skill level 1 in Hexes
 17300 | Lair:2   | Found a staircase to the Snake Pit.
 17781 | Lair:2   | Found a staircase to the Swamp.
 19841 | Orc:1    | Entered Level 1 of the Orcish Mines
 19898 | Orc:1    | Reached **** piety under Ashenzari
 19957 | Orc:1    | Reached skill level 11 in Short Blades
 20061 | Orc:1    | Found a roughly hewn altar of Beogh.
 20263 | Orc:2    | Entered Level 2 of the Orcish Mines
 20805 | Orc:2    | Reached XP level 14. HP: 116/116 MP: 22/25
 20939 | Orc:2    | Found a staircase to the Elven Halls.
 21596 | Orc:2    | Found Puoph's Food Boutique.
 21596 | Orc:2    | Found Cutt's Distillery.
 21606 | Orc:2    | Found Wioce's Magic Scroll Shoppe.
 21606 | Orc:2    | Found Jerchoim's Gadget Shop.
 21642 | Orc:2    | Bought a potion of curing for 51 gold pieces
 21643 | Orc:2    | Bought 2 scrolls of enchant armour for 180 gold pieces
 21668 | Orc:2    | Reached skill level 5 in Charms
 21873 | Orc:2    | Reached skill level 1 in Translocations
 22049 | Orc:2    | Found Wapaq's Antique Armour Emporium.
 22073 | Orc:2    | Bought a pair of embroidered boots for 157 gold pieces
 22078 | Orc:2    | Identified a +2 pair of boots of running (You bought it in a shop on level 2 of the Orcish Mines)
 23338 | Lair:4   | Reached ***** piety under Ashenzari
 24273 | Lair:5   | Found a staircase to the Slime Pits.
 24904 | Orc:2    | Bought a scroll of remove curse for 36 gold pieces
 25034 | Orc:1    | Noticed Erica
 25049 | Orc:1    | Killed Erica
 25478 | Lair:6   | Entered Level 6 of the Lair of Beasts
 26244 | Lair:6   | Reached skill level 12 in Short Blades
 26663 | Lair:6   | Reached XP level 15. HP: 119/125 MP: 17/27
 27050 | Lair:6   | Found a stormy altar of Qazlal.
 28148 | Lair:6   | Reached skill level 10 in Fighting
 28155 | Lair:6   | Reached skill level 5 in Armour
 28417 | Lair:6   | Identified the cursed amulet of Ijygot {Faith rPois rF- MR++ Dex+2}
 29727 | D:4      | Killed ThereIsNoGod's ghost
 30157 | Snake:1  | Entered Level 1 of the Snake Pit
 30651 | Snake:1  | Noticed Aizul
 30696 | Snake:1  | Killed Aizul
 31858 | Snake:1  | Reached skill level 13 in Short Blades
 32203 | Snake:2  | Reached ****** piety under Ashenzari
 32279 | Snake:2  | Reached XP level 16. HP: 101/136 MP: 10/28
 32651 | Snake:2  | Identified the amulet "Xuruc" {Harm *Drain rF+}
 32836 | Snake:2  | Noticed Vashnia
 32919 | Snake:2  | Killed Vashnia
 32919 | Snake:2  | Reached skill level 5 in Conjurations
 32942 | Snake:2  | Reached skill level 1 in Evocations
 32965 | Snake:2  | Reached skill level 10 in Spellcasting
 34425 | Snake:3  | Learned a level 3 spell: Regeneration
 34428 | Snake:3  | Learned a level 2 spell: Shroud of Golubria
 35642 | Snake:3  | Noticed a greater naga
 35661 | Snake:3  | Killed a greater naga
 36217 | Snake:4  | Entered Level 4 of the Snake Pit
 36482 | Snake:4  | Reached XP level 17. HP: 113/142 MP: 15/30
 36715 | Snake:4  | Identified the Disquisition on Blistering Displacement
 36789 | Snake:4  | Reached skill level 10 in Dodging
 36970 | Snake:4  | Learned a level 4 spell: Cause Fear
 37130 | Snake:4  | Reached skill level 1 in Air Magic
 37406 | Snake:4  | Reached skill level 10 in Stealth
 37545 | Snake:4  | Reached skill level 14 in Short Blades
 38424 | Snake:4  | Got a serpentine rune of Zot
 38632 | Snake:3  | Reached skill level 1 in Necromancy
 39359 | D:12     | Found a glowing golden altar of the Shining One.
 39845 | D:13     | Found a gate to the Vaults.
 40059 | D:13     | Found Acraha's Gadget Emporium.
 40074 | D:13     | Bought a wand of teleportation (5/9) for 324 gold pieces
 40507 | D:14     | Identified the +4 quarterstaff "Zek Laykh" {crush, Int-4 Dex+5 SInv}
 40629 | D:14     | Reached XP level 18. HP: 140/154 MP: 16/32
 40978 | D:14     | Noticed Roxanne
 41036 | D:14     | Killed Roxanne
 41037 | D:14     | Identified Roxanne's Disquisition on Clay (You took it off Roxanne on level 14 of the Dungeon)
 41089 | D:14     | Found Sygiaz's Book Boutique.
 41127 | D:14     | Bought the Tome of Icy Poisoning for 699 gold pieces
 41134 | D:14     | Learned a level 6 spell: Freezing Cloud
 41927 | D:14     | Bought Toxkowai's Collected Works on Companions for 1200 gold pieces
 41936 | D:14     | Learned a level 5 spell: Aura of Abjuration
 42128 | Swamp:1  | Entered Level 1 of the Swamp
 42156 | Swamp:1  | Noticed Josephine
 42159 | Swamp:1  | Noticed Donald
 42170 | Swamp:1  | Killed Josephine
 42596 | Lair:2   | Killed Donald
 42859 | Swamp:1  | Reached skill level 1 in Shields
 43833 | Swamp:2  | Noticed Nikola
 43863 | Swamp:2  | Killed Nikola
 45565 | Swamp:4  | Entered Level 4 of the Swamp
 46231 | Swamp:4  | Noticed the 27-headed Lernaean hydra
 46284 | Swamp:4  | Killed the 27-headed Lernaean hydra
 46284 | Swamp:4  | Reached skill level 5 in Shields
 46284 | Swamp:4  | Reached XP level 19. HP: 69/161 MP: 9/33
 46774 | Swamp:4  | Got a decaying rune of Zot
 47400 | Elf:1    | Entered Level 1 of the Elven Halls
 47798 | Elf:1    | Identified the Collected Works on Sinister Magic
 47948 | Elf:1    | Noticed a Hell Sentinel
 48024 | Elf:1    | Found a radiant altar of Vehumet.
 48675 | Elf:2    | Learned a level 3 spell: Tukima's Dance
 48714 | Elf:2    | Found a huge runed gate.
 48714 | Elf:2    | Found a huge runed gate.
 48714 | Elf:2    | Found a huge runed gate.
 48714 | Elf:2    | Found a huge runed gate.
 48714 | Elf:2    | Found a huge runed gate.
 49630 | Elf:2    | Reached skill level 5 in Summonings
 50134 | Elf:3    | Entered Level 3 of the Elven Halls
 50255 | Elf:3    | Reached XP level 20. HP: 168/171 MP: 15/35
 51558 | Elf:3    | Noticed a Tzitzimitl
 52349 | Elf:3    | Identified the +2 hunting sling "Couruath" {freeze, rN++ Int+9 Dex-4}
 52349 | Elf:3    | Identified the +4 scale mail of a treasure trove {MP+9}
 52354 | Elf:3    | Identified the +2 scale mail of Simoyrpha {MR+ Dex+2}
 52354 | Elf:3    | Identified the +1 broad axe "Luocuesa" {speed, Str+2 Dex+3 SInv Stlth+}
 52367 | Elf:3    | Identified Sif Muna's Incunabulum of Ashen Feathers
 52407 | Elf:3    | Identified the +0 leather armour of New Discoveries {rElec rF+ MR+}
 52424 | Elf:3    | Identified the Tome of Feathers and Poison
 52583 | Elf:3    | Identified the +3 ring mail of Eternal Vigilance {Str-2 Slay+2 Stlth+}
 52583 | Elf:3    | Identified the +1 battleaxe "Ecioschi" {drain, rElec MR- Dex+4}
 52598 | Elf:3    | Identified the +6 morningstar of the Spinneret {speed, rElec rPois rC+ Str+4 Stlth-}
 52616 | Elf:3    | Identified the cursed +0 mace of Ikaeces {flame, rN++ Str+4}
 52634 | Elf:3    | Identified the cursed +3 morningstar of Veineytz {drain, rF- rN+ Str+4}
 53225 | D:15     | Entered Level 15 of the Dungeon
 53265 | D:15     | Found Kialoz's Antique Armour Shoppe.
 53272 | D:15     | Bought a glowing cloak for 193 gold pieces
 53279 | D:15     | Bought a shiny helmet for 193 gold pieces
 53282 | D:15     | Bought a runed helmet for 193 gold pieces
 53370 | D:15     | Identified the cursed ring of Ydafrad {rPois rC+ Int-2}
 53454 | D:15     | Paralysed by a floating eye for 3 turns
 53515 | D:15     | Identified the +2 robe of Hadjma {Int+5}
 53561 | D:15     | Identified the ring of Jefuvvam {Ice MP+9}
 53561 | D:15     | Identified the +7 mace of the Pariah {freeze, +Rage rElec Int-4 Stlth+}
 53770 | D:15     | Found Josuofoz's Assorted Antiques.
 53780 | D:15     | Bought a pair of runed gloves for 144 gold pieces
 53780 | D:15     | Bought a scroll of blinking for 240 gold pieces
 53813 | D:15     | Paralysed by a floating eye for 4 turns
 53815 | D:15     | Reached XP level 21. HP: 175/178 MP: 25/36
 53953 | D:15     | Identified the +4 ring mail of the Fife {-Tele rC+++ MR++ Stlth-}
 53984 | D:15     | Identified the ring of Qotadwue {+Fly rPois Int+4 Slay+2}
 54055 | D:15     | Found a staircase to the Depths.
 54289 | D:15     | Found Fenatuc's Distillery.
 54301 | D:15     | Bought a potion of heal wounds for 75 gold pieces
 54675 | Orc:2    | Bought a scroll of recharging for 114 gold pieces
 54675 | Orc:2    | Bought a scroll of enchant armour for 90 gold pieces
 54817 | Vaults:1 | Entered Level 1 of the Vaults
 55390 | Vaults:1 | Reached skill level 10 in Shields
 55775 | Vaults:1 | Reached skill level 15 in Short Blades
 55846 | Vaults:1 | HP: 7/179 [vault warden (23)]
 57326 | Vaults:2 | Noticed Sojobo
 57330 | Vaults:2 | Killed Sojobo
 57349 | Vaults:2 | HP: 9/180 [battlesphere[Sojobo] (1)]
 57356 | Vaults:2 | HP: 5/180 [tengu reaver/bolt of acid[Sojobo] (25)]
 57356 | Vaults:2 | Splashed by a tengu reaver's acid

Vault maps used:
D:1:      eino_arrival_tree_alley
D:2:      tso_metal_star, grunt_temple_overflow_open, ecumenical_altar_1,
          uniq_terence
D:3:      grunt_temple_overflow_order_and_chaos_2,
          yredelemnul_forgotten_temple_becter
D:4:      first_bread, uniq_grinder, uniq_edmund
D:5:      gammafunk_temple_overflow_forgotten, lemuel_doored_altar,
          supply_closet_lemuel, nrook_mini_vaults
D:6:      minmay_diamond_boxcup, corexii_shack
D:7:      vehumet_altar_wand_db
D:8:      kennysheep_okawaru_gauntlet
D:9:      minmay_tri_box, hangedman_little_slice_of_home, hangedman_incinerator,
          uniq_joseph
D:10:     david_orc_5, enter_trove_5
D:11:     due_lair_maze_entry_diamond
D:12:     basic_altar
D:13:     david_vaults_5, serial_shops, shop
D:14:     serial_shops, nicolae_shop_statue_plus, minmay_misc_feat_room,
          uniq_roxanne
D:15:     hangedman_spin_cycle, serial_shops
Temple:   dpeg_chambers_temple
Lair:1:   minmay_lair_venomous_thicket, portal_ice_cave_entry_ice_beasts,
          serial_bayou_shore_b, uniq_fannar
Lair:2:   minmay_swamp_entry_reptiles, minmay_snake_entry_six_corridors,
          grunt_megastairs_3
Lair:3:   beast_lair_carwin_11, lemuel_fruit_fields
Lair:4:   forest_entry_grove
Lair:5:   slime_dummy
Lair:6:   evilmike_catoblepas_cave, basic_altar, minivault_27,
          grunt_forest_small_clearing_treed
Swamp:1:  serial_swamp_ruin, evilmike_swamp_ruin_rubble_2,
          evilmike_swamp_ruin_house_4, swamp_pool3,
          nicolae_swamp_rocky_clearing, infiniplex_staircase_pool_2,
          uniq_josephine, uniq_donald
Swamp:2:  nicolae_swamp_fairy_circle, swamp_pool5,
          nicolae_swamp_alligator_family, uniq_nikola
Swamp:3:  nicolae_swamp_dense_foliage, swamp_pool5,
          nicolae_swamp_very_dense_foliage
Swamp:4:  swamp_old_school, swamp_pool1, nicolae_swamp_triple_paths,
          hangedman_swamp_cone
Snake:1:  uniq_aizul
Snake:2:  uniq_vashnia
Snake:4:  grunt_snake_rune_pools, grunt_ministairs_14
Orc:1:    basic_altar, uniq_erica
Orc:2:    st_orc_ogre_mass, serial_shops, nicolae_shop_waterfront
Elf:1:    eino_elf_arrival_customs, basic_altar, minmay_elf_necromancy
Elf:3:    minmay_elf_hall_hex
Vaults:1: serial_ice_h, ontoclasm_vaults_pinch, vaults_mumra_bighexcomb,
          nicolae_vaults_network_quinsquares, v_pattern_5, v_alt_pattern_2
Vaults:2: vaults_room_door_hall, ontoclasm_vaults_gateway,
          vaults_room_glass_cross, nicolae_vaults_little_squares_3, v_rooms_5,
          nicolae_vaults_border_crossing, hangedman_vaults_cutoff,
          nicolae_vaults_little_ls, nicolae_vaults_asterisk,
          nicolae_vaults_little_squares_2, vaults_room_grunt_arrival_checkpoint,
          v_misc_4, v_misc_17, v_misc_17, v_alt_pattern_4, v_misc_23,
          nicolae_vaults_shelves_hall, vaults_dpeg_ring, uniq_sojobo
IceCv:    ice_cave_caverns_02

Skill      XL: |  1  2  3  4  5  6  7  8  9 10 11 12 13 14 15 16 17 18 19 20 21 |
---------------+----------------------------------------------------------------+-----
Spellcasting   | 2 3 4 5 6 7 8 9 10 11 12 | 12.9
Dodging        | 2 3 4 5 6 7 8 9 10 11 12 | 12.1
Ice Magic      | 4 5 6 7 8 9 10 11 12 13 | 13.5
Conjurations   | 1 2 3 4 5 6 7 |  7.3
Armour         | 1 2 3 4 5 6 |  6.0
Short Blades   | 1 2 3 4 6 7 9 11 12 13 14 15 | 15.0
Fighting       | 1 3 4 5 7 8 9 10 11 12 13 | 13.7
Charms         | 1 2 3 4 5 6 7 8 9 |  9.1
Stealth        | 3 4 5 6 7 8 9 10 11 12 13 | 13.0
Summonings     | 1 2 3 5 6 |  6.1
Hexes          | 1 2 3 4 |  4.8
Translocations | 2 3 |  3.6
Evocations     | 1 2 |  2.3
Air Magic      | 1 3 |  3.7
Necromancy     | 1 2 |  2.0
Shields        | 5 7 9 10 | 10.4

Action                   |  1- 3 |  4- 6 |  7- 9 | 10-12 | 13-15 | 16-18 | 19-21 || total
-------------------------+-------+-------+-------+-------+-------+-------+-------++-------
Melee: Unarmed           |    45 |       |       |       |       |       |       ||    45
       Dagger            |    26 |   164 |   703 |   140 |       |       |       ||  1033
       Rapier            |       |       |       |   901 |  2005 |  2275 |  1817 ||  6998
       Punch             |       |       |       |     1 |     2 |     4 |       ||     7
 Cast: Freeze            |    23 |    26 |    57 |    49 |       |       |       ||   155
       Throw Frost       |     5 |    23 |    31 |    43 |    14 |       |       ||   116
       Ozocubu's Armour  |       |     3 |    23 |    59 |   109 |   104 |    96 ||   394
       Throw Icicle      |       |       |    14 |    57 |    99 |    74 |    35 ||   279
       Summon Ice Beast  |       |       |     3 |    16 |    27 |    34 |    29 ||   109
       Dazzling Spray    |       |       |       |    11 |   115 |   119 |   104 ||   349
       Repel Missiles    |       |       |       |     1 |     5 |    20 |    10 ||    36
       Blink             |       |       |       |     1 |     1 |    11 |     5 ||    18
       Shroud of Golubri |       |       |       |       |       |    66 |    29 ||    95
       Regeneration      |       |       |       |       |       |    39 |    20 ||    59
       Cause Fear        |       |       |       |       |       |     6 |       ||     6
       Freezing Cloud    |       |       |       |       |       |     4 |     9 ||    13
       Aura of Abjuratio |       |       |       |       |       |       |    30 ||    30
       Tukima's Dance    |       |       |       |       |       |       |    45 ||    45
Invok: Curse Item        |       |       |     2 |     2 |     4 |     1 |     2 ||    11
       Transfer Knowledg |       |       |       |       |       |     1 |       ||     1
Evoke: Wand              |       |       |       |     1 |     9 |    36 |     8 ||    54
  Use: Scroll            |     5 |     2 |     5 |    11 |    19 |    24 |    19 ||    85
       Potion            |       |       |    11 |     2 |     6 |     9 |     4 ||    32
 Stab: Sleeping          |     1 |     1 |     4 |     5 |    23 |    48 |    52 ||   134
       Distracted        |       |       |       |     2 |     3 |     4 |     7 ||    16
       Invisible         |       |       |       |     4 |    48 |    61 |    31 ||   144
       Confused          |       |       |       |       |       |     1 |       ||     1
       Petrifying        |       |       |       |       |       |       |     1 ||     1
  Eat: Chunk             |     3 |    13 |    57 |   105 |   199 |   173 |   134 ||   684
       Meat ration       |       |       |     1 |       |       |       |       ||     1
Armor: Robe              |    19 |       |       |       |       |       |       ||    19
       Leather armour    |    14 |    65 |   264 |   470 |   619 |   601 |   360 ||  2393
Dodge: Dodged            |    64 |   120 |   334 |   819 |  1571 |  1860 |   758 ||  5526
       Deflected         |       |       |       |     2 |    14 |    90 |    35 ||   141
Block: Shield            |       |       |       |       |       |   362 |  1084 ||  1446
       Reflection        |       |       |       |       |       |       |    96 ||    96
